 Dungeon Crawl Stone Soup version 0.20-a0-268-gb6bde61 (webtiles) character file.

71 Din the Magician (level 4, -5/27 HPs)
             Began as a High Elf Wizard on Dec 8, 2016.
             Killed by nerve-wracking pain
             ... invoked by Jessica
              (13 damage)
             ... on level 2 of the Dungeon.
             The game lasted 00:26:18 (3043 turns).

Din the Magician (High Elf Wizard)                  Turns: 3043, Time: 00:26:18

Health: -5/27      AC:  5    Str:  6    XL:     4   Next: 5%
Magic:  1/11       EV: 10    Int: 23    God:
Gold:   46         SH:  0    Dex: 13    Spells: 3/12 levels left

rFire  . . .     SeeInvis .     e - +0 short sword
rCold  . . .     Gourm    .     f - +0 ring mail
rNeg   . . .     Faith    .     (no shield)
rPois  .         Spirit   .     b - +0 hat
rElec  .         Reflect  .     (no cloak)
rCorr  .         Harm     .     (no gloves)
MR     .....                    (no boots)
Stlth  +.........               (no amulet)
                                (no ring)
                                j - ring of wizardry

@: no status effects
A: no striking features
a: no special abilities


You were on level 2 of the Dungeon.
You were not hungry.

You visited 1 branch of the dungeon, and saw 3 of its levels.

You collected 46 gold pieces.

Inventory:

Hand Weapons
 e - a +0 short sword (weapon)
 g - a +0 club
 h - a +0 short sword
 k - a +2 vampiric dagger
 l - a +0 spear
 r - a +0 trident
 s - a cursed -3 hand axe
Missiles
 i - 16 poisoned needles
Armour
 a - a +0 robe
 b - a +0 hat (worn)
 f - a +0 ring mail (worn)
 t - a +0 animal skin
Jewellery
 j - a ring of wizardry (left hand)
Scrolls
 m - 2 scrolls of identify
 n - 3 scrolls of remove curse
Potions
 d - a potion of resistance {unknown}
 p - a potion of curing {unknown}
Books
 c - a book of Minor Magic

   Spells                             Type                      Level
   a - Magic Dart                     Conjuration                  1
   b - Blink                          Translocation                2
   c - Call Imp                       Summoning                    2
   d - Repel Missiles                 Charms/Air                   2
   e - Slow                           Hexes                        2
   f - Conjure Flame                  Conjuration/Fire             3
   g - Mephitic Cloud                 Conjuration/Poison/Air       3
Comestibles
 o - 3 chunks of flesh
 q - a meat ration
 u - a bread ration


   Skills:
 + Level 0.2 Fighting
 + Level 0.8 Short Blades
 + Level 1.0 Armour
 + Level 2.6 Dodging
 + Level 2.3 Stealth
 + Level 4.5 Spellcasting
 + Level 1.3 Conjurations
 + Level 1.1 Summonings
 + Level 1.4 Translocations


You had 3 spell levels left.
You knew the following spells:

 Your Spells              Type           Power        Failure   Level  Hunger
a - Magic Dart            Conj           ##..         12%         1    None
b - Blink                 Tloc           N/A          14%         2    None
c - Call Imp              Summ           ##......     16%         2    None
d - Repel Missiles        Chrm/Air       #.....       32%         2    None
e - Slow                  Hex            #.......     32%         2    None


Dungeon Overview and Level Annotations

Branches:
Dungeon (3/15)

Altars:
Trog
Uskayaw
Zin

Annotations:
D:2 Jessica
D:3 Vash's ghost, weakling DrWn


Message History

Unknown command.
Casting: Magic Dart
Confirm with . or Enter, or press ? or * to list all spells.
You blink.
Jessica gestures wildly.
Casting: Blink
Confirm with . or Enter, or press ? or * to list all spells.
Aiming: Slow
Press: ? - help, Shift-Dir - straight line, f/p - Jessica
Aim: Jessica, wielding an enchanted club and wearing a glowing robe (lightly wounded, fast, chance to defeat MR: 48%) Jessica resists with some effort.
Jessica hits you with an enchanted club.
* * * LOW HITPOINT WARNING * * *
Unknown command.
Casting: Slow
Confirm with . or Enter, or press ? or * to list all spells.
You blink.
Jessica gestures at you while chanting. Pain shoots through your body!
You die...

#.#####.###.#
#........ #.# #.#
#.# #.###.... #.#
#.# #.#######.#
##... ####.# #.#
#.........# ##..
#....# #.#
########### ##.
#.#### #.# ##.
#.# ####.####
##.. #.#
#.......# #...
####.###
#.#####@#########
##.. .......# #
#.........# ##.
#########
#####.@.#.# ##
......... ###.#.#
#...#...# #.#.#
......... #.#.#
#...#...# #.#.#
......... #.#.#
## #########
#.#.# #.#


You could see Jessica.

Vanquished Creatures
  An adder (D:2)
  2 oozes (D:1)
  2 dart slugs (D:1)
  A leopard gecko (D:2)
  An orc (D:2)
  A giant cockroach (D:1)
  2 goblins
  2 hobgoblins
  A quokka (D:2)
  3 bats (D:1)
  A frilled lizard (D:2)
  2 kobolds
  6 rats
25 creatures vanquished.

Vanquished Creatures (collateral kills)
  A worker ant (D:2)
  An ooze (D:2)
  3 worms (D:2)
  A bat (D:2)
  A hobgoblin (D:2)
7 creatures vanquished.

Grand Total: 32 creatures vanquished

Notes
Turn   | Place    | Note
-------+----------+-------------------------------------------
     0 | D:1      | Din the High Elf Wizard began the quest for the Orb.
     0 | D:1      | Reached XP level 1. HP: 11/11 MP: 6/6
   153 | D:1      | Reached skill level 4 in Spellcasting
   526 | D:1      | Reached XP level 2. HP: 13/17 MP: 1/8
   633 | D:1      | Learned a level 2 spell: Blink
   636 | D:1      | Learned a level 2 spell: Call Imp
   639 | D:1      | Learned a level 2 spell: Repel Missiles
   642 | D:1      | Learned a level 2 spell: Slow
  1803 | D:2      | Reached skill level 1 in Summonings
  1853 | D:3      | Noticed Vash's ghost (weakling DrWn)
  2269 | D:2      | Reached XP level 3. HP: 21/21 MP: 5/9
  2309 | D:2      | Noticed a hand axe
  2310 | D:2      | Noticed a hand axe
  2427 | D:2      | Found a hide-covered altar of Uskayaw.
  2443 | D:2      | Reached skill level 1 in Armour
  2584 | D:2      | Found a glowing silver altar of Zin.
  2792 | D:2      | Found a faded altar of an unknown god.
  2876 | D:2      | Found a bloodstained altar of Trog.
  2966 | D:2      | Reached XP level 4. HP: 7/27 MP: 7/11
  3028 | D:2      | Noticed Jessica
  3043 | D:2      | Killed from afar by Jessica

Vault maps used:
D:1:      erik_arrival_gehennom
D:2:      zin_statuary, lemuel_coloured_pillars_altar, dancing_weapons_uskayaw,
          first_bread, chequers_ecumenical_altar_island,
          minmay_item_behind_shaft, trog_butcher_becter, uniq_jessica
D:3:      lemuel_crystal_altar

Skill      XL: |  1  2  3 |
---------------+----------+-----
Spellcasting   | 4 |  4.5
Summonings     | 1 |  1.1
Armour         | 1 |  1.0
Fighting       | |  0.2
Short Blades   | |  0.8
Dodging        | |  2.6
Stealth        | |  2.3
Conjurations   | |  1.3
Translocations | |  1.4

Action                   |  1- 3 |  4- 6 || total
-------------------------+-------+-------++-------
Melee: Short sword       |    51 |       ||    51
       Unarmed           |     3 |       ||     3
 Cast: Magic Dart        |    53 |     1 ||    54
       Blink             |     8 |     4 ||    12
       Call Imp          |     9 |       ||     9
       Slow              |       |     1 ||     1
  Use: Scroll            |     2 |       ||     2
 Stab: Sleeping          |     1 |       ||     1
       Distracted        |     1 |       ||     1
  Eat: Bread ration      |     1 |       ||     1
       Pizza             |     1 |       ||     1
       Chunk             |       |     1 ||     1
Armor: Ring mail         |    30 |       ||    30
       Robe              |     1 |       ||     1
Dodge: Dodged            |    44 |     1 ||    45
